cohdb
Replays
Latest Replays
All Replays
Popular Replays
Top Player Replays
Match Explorer
How It Works
Community
CoH3 Stats
Reddit
Sign in to upload your games and track your stats! →
Sign in with Steam
Match 47134907
Unlisted
Match 47134907
Overview
Messages
Build Orders
End
Pioneer Squad
Construct Infanterie Kompanie
Grenadier Squad
MG 42 Machine Gun Team
Selects Luftwaffe Battlegroup
Selects Luftwaffe Battlegroup
Selects Luftwaffe Pioneer Support
Grenadier Squad
Selects Stuka Strafing Run
Stuka Strafing Run
Construct Panzergrenadier Kompanie
251 Medium Carrier
Pak 40 Anti-tank Gun Team
Grenadier Squad
Grenadier Squad
Infanterie Officer Quarters
Stuka Strafing Run
Stuka Strafing Run
Construct Panzer Kompanie
Pioneer Squad
Pak 40 Anti-tank Gun Team
Selects LG40 Recoilless Gun Paradrop
Selects Fallschirmjäger Squad Paradrop
Panzer IV Medium Tank
Selects Stuka Loiter
Stuka Strafing Run
Stuka Strafing Run
Panzer IV Medium Tank
Stoßtruppen Squad
Stoßtruppen Squad
Panzer Officer Quarters
Stuka Strafing Run
Medical Bunker
Stuka Strafing Run
Stuka Loiter
Panzer IV Medium Tank
Panzer IV Medium Tank
Side Skirts
Stuka Loiter
Panzer IV Medium Tank
.
YourMom'sPiesSoHotRightNow
Danver
silentbreacher
0
0
Comments
sign in to comment!
No comments posted yet!